 Dungeon Crawl Stone Soup version 0.24.0-123-gd5b16e6ec5 (webtiles) character file.

Game seed: 7158334434447801054, levelgen mode: deterministic

4086 margusisdoof the Covered (level 10, -2/68 (69) HPs)
             Began as a Human Berserker on Jan 7, 2020.
             Was an Elder of Trog.
             Splashed by an acid dragon's acid (11 damage)
             ... on level 11 of the Dungeon.
             The game lasted 01:15:37 (8135 turns).

margusisdoof the Covered (Human Berserker)          Turns: 8135, Time: 01:15:37

HP:   -2/68 (69)    AC: 11    Str: 26    XL:     10   Next: 50%
MP:   10/10         EV:  8    Int:  7    God:    Trog [****..]
Gold: 257           SH: 10    Dex: 21    Spells: 9/9 levels left

rFire    . . .     SeeInvis +   J - +9 falchion "Simid" {speed, +Inv Str+6 Dex+2 Stlth-}
rCold    . . .     Gourm    .   M - +0 shield
rNeg     . . .     Faith    .   T - +0 plate armour
rPois    .         Spirit   .   (helmet restricted)
rElec    .         Reflect  .   (no cloak)
rCorr    .         Harm     .   F - +2 pair of gloves
MR       .....                  c - +0 pair of boots
Stlth    ..........             (no amulet)
HPRegen  0.21/turn              g - +5 ring of dexterity
MPRegen  0.12/turn              p - ring of see invisible

@: corroded, berserk cooldown, slowed, very slow
A: antennae 1, yellow scales 1, frail 1
a: Berserk, Trog's Hand, Brothers in Arms, Renounce Religion, Evoke Invisibility


You were on level 11 of the Dungeon.
You worshipped Trog.
Trog was greatly pleased with you.
You were not hungry.

You visited 1 branch of the dungeon, and saw 9 of its levels.

You collected 425 gold pieces.
You spent 168 gold pieces at shops.

Inventory:

Hand Weapons
 a - a +0 hand axe
 h - a +1 scythe
 j - a +0 spear
 k - a +0 dagger of holy wrath
 t - a +0 war axe
 v - a +4 quarterstaff of chaos
 E - a +0 long sword
 J - the +9 falchion "Simid" (weapon) {speed, +Inv Str+6 Dex+2 Stlth-}
   (You found it on level 5 of the Dungeon)

   Attacks with this weapon are significantly faster.
   It affects your strength (+6).
   It affects your dexterity (+2).
   It lets you turn invisible.
   It makes you less stealthy.
Missiles
 i - 120 arrows
Armour
 b - a +0 animal skin
 c - a +0 pair of boots (worn)
 d - a +1 ring mail
 e - a +0 robe
 m - a +1 robe of fire resistance
 r - a +0 pair of boots
 w - a +0 cloak of poison resistance
 F - a +2 pair of gloves (worn)
 G - a cursed +0 shield
 L - a +0 chain mail
 M - a +0 shield (worn)
 T - a +0 plate armour (worn)
Jewellery
 g - a +5 ring of dexterity (left hand)
 p - a ring of see invisible (right hand)
 O - a cursed ring of teleportation
 P - an uncursed ring of fire {unknown}
Wands
 o - a wand of scattershot (4)
Scrolls
 f - 6 scrolls of teleportation
 l - 7 scrolls of remove curse
 n - a scroll of enchant weapon
 q - 2 scrolls of magic mapping
 y - a scroll of noise {unknown}
 A - a scroll of enchant armour
 D - a scroll of blinking
 K - 2 scrolls of fog
 Q - a scroll of amnesia
 R - a scroll of brand weapon {unknown}
 S - 2 scrolls of identify
Potions
 s - a potion of brilliance {unknown}
 u - 3 potions of curing {unknown}
 x - a potion of haste {unknown}
 z - a potion of degeneration {unknown}
 B - 2 potions of heal wounds {unknown}
 C - a potion of agility {unknown}
 H - 2 potions of berserk rage {unknown}
 V - a potion of cancellation {unknown}
Miscellaneous
 I - a fan of gales
Comestibles
 N - a ration


   Skills:
 + Level 6.6 Fighting
 + Level 1.3(4.1) Short Blades
 + Level 6.3(6.4) Long Blades
 + Level 4.8(5.1) Axes
 + Level 2.6(5.5) Polearms
 + Level 5.5(5.9) Staves
 + Level 6.6 Armour
 + Level 4.9 Dodging
 + Level 2.4 Stealth
 + Level 2.6 Shields


You had 9 spell levels left.
You didn't know any spells.
Your spell library was empty.

Dungeon Overview and Level Annotations

Branches:
Dungeon (8/15)             Temple (0/1) D:7
   Lair: D:8-11

Altars:
Ashenzari
Gozag
Makhleb
Uskayaw
Wu Jian
Xom
Zin

Shops:
D:4 }   D:5 !


Innate Abilities, Weirdness & Mutations

You have a pair of small antennae on your head.
You are partially covered in yellow scales. (AC +2)
You are frail. (-10% HP)


Message History

You hit the hound.
You kill the hound!
Trog accepts your kill. The acid dragon spits acid at you.
The splash of acid hits you. The acid corrodes you!
You are splashed with acid!
Found a scroll of remove curse.
Found a stone staircase leading up.
Your plate armour prevents you from hitting the acid dragon.
You block the acid dragon's attack. x2; The acid dragon barely misses you.
The acid dragon claws you but does no damage.
You hit the acid dragon.
The acid dragon is moderately wounded.
The acid dragon spits acid at you. The splash of acid hits you.
You are splashed with acid!
* * * LOW HITPOINT WARNING * * *
Okay, then.
The acid dragon spits acid at you. The splash of acid hits you.
* * * LOW HITPOINT WARNING * * *
The acid corrodes you!
You are splashed with acid!
You die...

..## ...## .... #...###
##.(...### ## #....(...#
######. #..).D...#
###...... #.......#
#........
#....@..#######.......
#..?.<..#.......####.....
...###..#######.......#..
## #..# ######..... #..#
###### ##.# # #.. #.


You could see an acid dragon.

Vanquished Creatures
  Fannar (D:11)
  A two-headed ogre (D:8)
  A cyclops (D:11)
  Sigmund (D:3)
  Menkaure (D:5)
  Duvessa (D:5)
  An ice beast (D:3)
  2 necrophages (D:11)
  A phantom (D:8)
  4 ogres
  3 centaurs
  Blork the orc (D:5)
  2 bullfrogs
  Dowan (D:5)
  2 scorpions
  A howler monkey (D:4)
  2 crimson imps
  A quasit (D:6)
  Crazy Yiuf (D:3)
  2 orc priests
  2 bullfrog skeletons (D:11)
  5 hounds
  2 centaur skeletons
  An orc wizard (D:5)
  An iguana (D:5)
  5 worker ants
  A hound skeleton (D:5)
  A howler monkey skeleton (D:4)
  8 adders
  2 shadow imps
  3 worms
  A dart slug (D:2)
  4 leopard geckos
  9 orcs
  A ball python (D:3)
  6 giant cockroaches
  7 goblins
  9 hobgoblins
  6 jackals
  7 kobolds
  5 quokkas
  6 bats
  3 frilled lizards
  2 quokka zombies
  9 rats
  A plant (D:3)
137 creatures vanquished.

Notes
Turn   | Place    | Note
-------+----------+-------------------------------------------
     0 | D:1      | margusisdoof the Human Berserker began the quest for the
                  | Orb.
     0 | D:1      | Reached XP level 1. HP: 18/18 MP: 1/1
   261 | D:1      | Reached XP level 2. HP: 22/24 MP: 2/2
   586 | D:1      | Reached XP level 3. HP: 22/29 MP: 3/3
  1351 | D:2      | Reached ** piety under Trog
  1630 | D:2      | Found a hide-covered altar of Uskayaw.
  1639 | D:2      | Found an ornate altar of the Wu Jian Council.
  1648 | D:2      | Found a shattered altar of Ashenzari.
  1677 | D:2      | Reached XP level 4. HP: 35/35 MP: 4/4
  2073 | D:3      | Noticed Sigmund
  2088 | D:3      | Killed Sigmund
  2088 | D:3      | Reached skill level 1 in Short Blades
  2088 | D:3      | Reached XP level 5. HP: 42/42 MP: 5/5
  2088 | D:3      | Reached XP level 6. HP: 48/48 MP: 6/6
  2655 | D:3      | Found a faded altar of an unknown god.
  3238 | D:3      | Found a runed translucent door.
  3239 | D:3      | Noticed Crazy Yiuf
  3245 | D:3      | Killed Crazy Yiuf
  3380 | D:3      | Noticed an ice beast
  3391 | D:3      | Killed an ice beast
  3391 | D:3      | Reached skill level 1 in Polearms
  3391 | D:3      | Reached XP level 7. HP: 42/53 MP: 7/7
  4804 | D:4      | Found Kecak's Gadget Shoppe.
  5085 | D:5      | Entered Level 5 of the Dungeon
  5102 | D:5      | Reached *** piety under Trog
  5102 | D:5      | Reached skill level 1 in Staves
  5141 | D:5      | Noticed Blork the orc
  5159 | D:5      | Killed Blork the orc
  5159 | D:5      | Reached XP level 8. HP: 32/61 MP: 8/8
  5183 | D:5      | Noticed Duvessa
  5220 | D:5      | Killed Duvessa
  5350 | D:5      | Found a glowing silver altar of Zin.
  5351 | D:5      | Noticed an angel
  5437 | D:5      | Found an opulent altar of Gozag.
  5454 | D:5      | Noticed Menkaure
  5459 | D:5      | Killed Menkaure
  5459 | D:5      | Reached skill level 1 in Stealth
  5510 | D:5      | Found Hyoh's Distillery.
  5514 | D:5      | Bought a potion of mutation for 112 gold pieces
  5514 | D:5      | Bought a potion of might for 56 gold pieces
  5514 | D:5      | Gained mutation: You are frail. (-10% HP) [potion of
                  | mutation]
  5514 | D:5      | Gained mutation: You have a pair of small antennae on your
                  | head. [potion of mutation]
  5514 | D:5      | Gained mutation: You are partially covered in yellow
                  | scales. (AC +2) [potion of mutation]
  5602 | D:5      | Noticed Dowan
  5605 | D:5      | Killed Dowan
  5893 | D:5      | Found a burning altar of Makhleb.
  5906 | D:5      | Got an iridescent falchion
  5914 | D:5      | Identified the +9 falchion "Simid" {speed, +Inv Str+6 Dex+2
                  | Stlth-} (You found it on level 5 of the Dungeon)
  6150 | D:6      | Reached skill level 5 in Fighting
  6220 | D:6      | Reached XP level 9. HP: 61/61 MP: 9/9
  6270 | D:6      | Found a shimmering altar of Xom.
  6293 | D:6      | Reached skill level 1 in Long Blades
  6305 | D:6      | Reached skill level 5 in Staves
  6380 | D:6      | Reached skill level 5 in Armour
  7021 | D:7      | Found a staircase to the Ecumenical Temple.
  7740 | D:8      | Noticed a two-headed ogre
  7751 | D:8      | Killed a two-headed ogre
  7751 | D:8      | Reached XP level 10. HP: 49/68 MP: 10/10
  7866 | D:8      | You fall into a shaft and drop 3 floors!
  7872 | D:11     | Noticed Fannar
  7903 | D:11     | Killed Fannar
  7903 | D:11     | Reached skill level 5 in Long Blades
  7983 | D:11     | Reached **** piety under Trog
  8095 | D:11     | Noticed a cyclops
  8104 | D:11     | Killed a cyclops
  8135 | D:11     | Splashed by an acid dragon's acid

Levels and vault maps discovered:
D:1:      evilmike_arrival_fibonacci_small, layout_rooms
D:2:      layout_basic, grunt_temple_overflow_diamond
D:3:      layout_basic, portal_sewer_entry_b, chequers_ecumenical_altar_lobes,
          first_ration, uniq_sigmund, uniq_crazy_yiuf_cottage
D:4:      layout_basic, serial_shops, shop_fountains
D:5:      layout_loops_ring, kennysheep_mini_moat, zin_angel,
          minmay_shop_grid_forest, makhleb_blood_cavern_becter, uniq_menkaure,
          uniq_blork_the_orc, uniq_duvessa
D:6:      layout_cave_pools, nicolae_overflow_crystal_walls
D:7:      layout_loops_ring, minmay_temple_entry_junction_2
D:8:      layout_loops_ring
D:11:     layout_cave_pods, hangedman_decor_peaks_small, uniq_fannar,
          uniq_erolcha

Skill      XL: |  1  2  3  4  5  6  7  8  9 10 |
---------------+-------------------------------+-----
Axes           | 4 |  4.8
Short Blades   | 1 |  1.3
Armour         | 3 4 5 6 |  6.6
Dodging        | 3 4 |  4.9
Polearms       | 1 2 |  2.6
Fighting       | 4 5 6 |  6.6
Staves         | 2 4 5 |  5.5
Stealth        | 1 2 |  2.4
Long Blades    | 4 6 |  6.3
Shields        | 2 |  2.6

Action                   |  1- 3 |  4- 6 |  7- 9 | 10-12 || total
-------------------------+-------+-------+-------+-------++-------
Melee: Hand axe          |   119 |    17 |       |       ||   136
       Dagger            |       |   157 |       |       ||   157
       Scythe            |       |    42 |       |       ||    42
       Quarterstaff      |       |       |   105 |       ||   105
       Falchion          |       |       |    82 |    50 ||   132
Invok: Berserk           |       |     2 |       |     2 ||     4
  Use: Scroll            |     2 |     7 |     5 |       ||    14
       Potion            |     1 |       |     2 |     1 ||     4
 Stab: Confused          |       |       |     1 |       ||     1
       Paralysed         |       |       |     1 |       ||     1
  Eat: Ration            |     1 |     1 |     4 |     1 ||     7
       Chunk             |       |     2 |     1 |     2 ||     5
Armor: Ring mail         |    47 |    61 |    64 |       ||   172
       Animal skin       |     5 |       |       |       ||     5
       Skin              |       |       |     3 |       ||     3
       Plate armour      |       |       |     4 |    45 ||    49
Dodge: Dodged            |    79 |   115 |    96 |    17 ||   307
Block: Shield            |       |       |    11 |    26 ||    37
       Rpst.: Falchion   |       |       |    12 |     7 ||    19
